 Dungeon Crawl Stone Soup version 0.30-a0-782-ge64f9170bb (webtiles) character file.

Game seed: 10052917699779549965

5487 theswoord the Thaumaturge (level 10, -20/53 HPs)
             Began as a Deep Elf Conjurer on Feb 23, 2023.
             Was an Elder of Vehumet.
             Killed by an exploding centaur zombie (25 damage)
             ... ignited by their inner flame
             ... on level 9 of the Dungeon.
             The game lasted 00:24:40 (11003 turns).

theswoord the Thaumaturge (Deep Elf Conjurer)      Turns: 11003, Time: 00:24:41

Health: -20/53     AC: 13    Str:  4    XL:     10   Next: 42%
Magic:  48/48      EV: 12    Int: 33    God:    Vehumet [****..]
Gold:   448        SH:  0    Dex: 13    Spells: 24/37 levels left

rFire   . . .      SeeInvis .    D - +8 dagger of Ottatamu {heavy, MP+9}
rCold   . . .      Faith    +    (no shield)
rNeg    . . .      Spirit   .    y - +0 steam dragon scales
rPois   .          Reflect  .    k - +1 helmet
rElec   .          Harm     .    (no cloak)
rCorr   .          Rampage  .    (no gloves)
Will    +....                    w - +1 pair of boots of the Game of Kings {Int+5}
Stlth   ++                       A - amulet of faith
HPRegen 0.28/turn                c - +4 ring of protection
MPRegen 0.31/turn                l - ring of magical power

@: no status effects
A: no striking features
a: Renounce Religion


You were on level 9 of the Dungeon.
You worshipped Vehumet.
Vehumet was greatly pleased with you.
You visited 2 branches of the dungeon, and saw 10 of its levels.
You also visited: Bailey.

You collected 896 gold pieces.
You spent 448 gold pieces at shops.

Inventory:

Hand Weapons
 e - a +1 mace of draining
 j - a +3 short sword of electrocution
 q - a +0 demon whip of draining
 v - a +0 spear
 D - the +8 dagger of Ottatamu (weapon) {heavy, MP+9}
   (You found it on level 8 of the Dungeon)

   MP:        It affects your magic capacity (+9).
Armour
 a - a +0 robe
 h - a +0 pair of boots
 k - a +1 helmet (worn)
 w - the +1 pair of boots of the Game of Kings (worn) {Int+5}
   (You acquired it in a bailey)

   Int:       It affects your intelligence (+5).
 x - a +2 robe of willpower
 y - +0 steam dragon scales (worn)
 E - a +0 pair of gloves
Jewellery
 c - a +4 ring of protection (left hand)
 g - a ring of fire
 l - a ring of magical power (right hand)
 A - an amulet of faith (around neck)
 B - a ring of ice
Wands
 C - a wand of paralysis (5)
 F - a wand of quicksilver (7)
 I - a wand of iceblast (11)
Scrolls
 f - 2 scrolls of poison
 i - 3 scrolls of silence
 m - 2 scrolls of identify
 p - 2 scrolls of enchant armour
 r - 2 scrolls of enchant weapon
 t - 3 scrolls of teleportation
Potions
 b - a potion of magic
 d - 2 potions of lignification
 n - a potion of invisibility
 o - a potion of curing
 s - 4 potions of brilliance
 u - 2 potions of heal wounds
 z - a potion of haste
 H - a potion of resistance {unknown}


   Skills:
 + Level 1.8 Fighting
 - Level 2.4 Dodging
 - Level 2.4 Stealth
 + Level 14.1 Spellcasting
 + Level 12.4 Conjurations
 + Level 2.6 Fire Magic


You had 24 spell levels left.
You knew the following spells:

 Your Spells              Type           Power      Damage    Failure   Level
a - Magic Dart            Conj           100%       1d8       0%          1
b - Searing Ray           Conj           100%       2d8       0%          2
c - Fulminant Prism       Conj/Hex       29%        3d14      1%          4
d - Starburst             Conj/Fire      32%        6d10      3%          6

Your spell library contained the following spells:

 Spells                   Type           Power      Damage    Failure   Level
 Sticky Flame             Conj/Fire      64%        2d8       1%          4
 Apportation              Tloc           46%        N/A       1%          1
 Kiss of Death            Conj/Necr      100%       2d13      1%          1
 Necrotise                Necr           92%        1d8       1%          1
 Shock                    Conj/Air       100%       1d9       1%          1
 Summon Small Mammal      Summ           92%        N/A       1%          1
 Dazzling Flash           Conj/Hex       100%       N/A       1%          3
 Iskenderun's Mystic Bla  Conj/Tloc      59%        2d12      1%          4
 Confusing Touch          Hex            23%        N/A       5%          3
 Swiftness                Air            23%        N/A       5%          3
 Airstrike                Air            11%        2d(2-18)  5%          4
 Dispel Undead            Necr           23%        3d12      19%         4
 Malign Gateway           Summ/Tloc      11%        N/A       100%        7
 Summon Horrible Things   Summ           11%        N/A       100%        8


Dungeon Overview and Level Annotations

Branches:
Dungeon (9/15)             Temple (1/1) D:4            Lair (0/5) D:8
 Bailey (visited)
    Orc: D:9-12

Altars:
Cheibriados
Dithmenos
Gozag
Kikubaaqudgha
Makhleb
Nemelex Xobeh
Qazlal
Trog
Vehumet
Wu Jian
Zin
The Shining One

Shops:
D:1 :   D:5 (   D:8 (


Message History

There are monsters nearby!
As you read the scroll labelled MIATHA WIUROMMAD, it crumbles to dust.
The creatures around you are filled with an inner flame!
It was a scroll of immolation.
Aim: a centaur zombie (inner flame, 100% to hit)
The magic dart hits the centaur zombie.
Flame seeps out of the centaur zombie.
The centaur zombie is engulfed in blazing flames.
Flame seeps out of the centaur zombie.
You conjure a prism of explosive energy!
A fulminant prism comes into view.
The centaur zombie misses you.
The centaur zombie kicks you but does no damage.
The centaur zombie barely misses you.
The centaur zombie kicks you but does no damage.
Your fulminant prism crackles loudly.
The centaur zombie barely misses you.
The centaur zombie completely misses you.
The centaur zombie hits you. The centaur zombie misses you.
The blast of energy engulfs the wight!!
Vehumet accepts your kill.
You feel your power returning.
The blast of energy engulfs the centaur zombie!!
Flame seeps out of the centaur zombie.
The blast of energy engulfs the wight!!
Vehumet accepts your kill.
You feel your power returning.
The blast of energy engulfs the centaur zombie!
Flame seeps out of the centaur zombie.
The blast of energy engulfs the killer bee zombie!!
Flame seeps out of the killer bee zombie.
The wight explodes! x2
The fiery explosion engulfs the centaur zombie!!!
Vehumet accepts your kill.
You feel your power returning. The fiery explosion engulfs you!!!
Ouch! That really hurt!
* * * LOW HITPOINT WARNING * * *
The centaur zombie explodes!
The fiery explosion engulfs the centaur zombie!!!
Vehumet accepts your kill. The fiery explosion engulfs you!!
You die...

#.####
#.....####..#
#...§§@.....#
#....§○○......
.....§§§.§§§...
.........§§§P.#
.........§§§~.#
........Z~~~~.#
######....~~~..
#.#.~~~...


You could see a killer bee zombie (inner flame).

Vanquished Creatures
  An orc knight (Bailey)
  A komodo dragon (D:8)
  3 steam dragons
  Menkaure (D:5)
  A water moccasin (D:5)
  An ice beast (D:6)
  10 orc warriors
  A sky beast (D:6)
  2 black bears
  3 ogres
  2 centaurs
  Blork the orc (D:5)
  4 bullfrogs
  A gnoll sergeant (D:7)
  5 scorpions
  13 wights
  4 killer bees (D:7)
  2 centaur zombies (D:9)
  3 jellies
  2 gnoll boudas
  3 orc priests
  2 hounds (D:5)
  Jessica (D:2)
  An iguana (D:6)
  9 orc wizards
  Robin (D:2)
  18 gnolls
  19 adders
  A shadow imp (D:5)
  A white imp (D:8)
  An ufetubus (D:5)
  3 worms
  A dart slug (D:2)
  41 orcs
  8 bats
  10 endoplasms
  A giant cockroach (D:3)
  16 goblins
  13 hobgoblins
  10 jackals
  3 quokkas
  6 ball pythons
  3 frilled lizards
  7 kobolds
  2 rats (D:1)
  A spectral kobold (D:2)
243 creatures vanquished.

Vanquished Creatures (others)
  50 fulminant prisms
  4 plants (D:8)
54 creatures vanquished.

Grand Total: 297 creatures vanquished

Notes
Turn   | Place    | Note
-------+----------+-------------------------------------------
     0 | D:1      | theswoord the Deep Elf Conjurer began the quest for the
                  | Orb.
     0 | D:1      | Reached XP level 1. HP: 10/10 MP: 6/6
   137 | D:1      | Reached XP level 2. HP: 15/15 MP: 0/8
   226 | D:1      | Learned a level 2 spell: Searing Ray
   421 | D:1      | Found Kuxoewn's Book Shop.
   754 | D:1      | Reached skill level 4 in Spellcasting
   992 | D:2      | Found a faded altar of an unknown god.
  1015 | D:2      | Reached XP level 3. HP: 19/19 MP: 5/10
  1015 | D:2      | Noticed Robin
  1019 | D:2      | Reached skill level 5 in Conjurations
  1321 | D:2      | Killed Robin
  1322 | D:2      | Reached XP level 4. HP: 20/24 MP: 3/12
  1536 | D:2      | Noticed Jessica
  1539 | D:2      | Killed Jessica
  1540 | D:2      | Reached skill level 5 in Spellcasting
  1851 | D:2      | Reached XP level 5. HP: 28/28 MP: 9/14
  2861 | D:3      | Reached skill level 6 in Spellcasting
  3402 | D:4      | Noticed a black bear
  3410 | D:4      | Killed a black bear
  3411 | D:4      | Reached XP level 6. HP: 20/32 MP: 15/17
  3536 | D:4      | Reached skill level 7 in Spellcasting
  3786 | D:4      | Found a stormy altar of Qazlal.
  3805 | D:4      | Reached XP level 7. HP: 36/36 MP: 20/20
  3842 | D:4      | Found a staircase to the Ecumenical Temple.
  3855 | Temple   | Entered the Ecumenical Temple
  3908 | Temple   | Became a worshipper of Vehumet
  4370 | D:4      | Noticed a steam dragon
  4391 | D:4      | Killed a steam dragon
  4392 | D:4      | Reached skill level 8 in Spellcasting
  4765 | D:5      | Entered Level 5 of the Dungeon
  4991 | D:5      | Found Xugoaf Uko's Antique Weapon Shop.
  5026 | D:5      | Reached skill level 9 in Spellcasting
  5034 | D:5      | Reached XP level 8. HP: 22/41 MP: 6/23
  5318 | D:5      | Reached * piety under Vehumet
  5318 | D:5      | Offered knowledge of Freeze by Vehumet.
  5324 | D:5      | Learned a level 4 spell: Fulminant Prism
  5455 | D:5      | Noticed Menkaure
  5458 | D:5      | Killed Menkaure
  5459 | D:5      | Reached skill level 10 in Spellcasting
  5608 | D:5      | Noticed Blork the orc
  5612 | D:5      | Killed Blork the orc
  6295 | D:6      | Found a glowing silver altar of Zin.
  6472 | D:6      | Identified the +0 scale mail "Xub Dydgh" {Harm Drain Will-
                  | Regen+}
  6511 | D:6      | Reached skill level 11 in Spellcasting
  6511 | D:6      | Reached skill level 10 in Conjurations
  6661 | D:6      | Reached XP level 9. HP: 36/45 MP: 23/26
  6751 | D:6      | Found a glowing golden altar of the Shining One.
  6913 | D:7      | Reached ** piety under Vehumet
  6917 | D:7      | Offered knowledge of Poisonous Vapours by Vehumet.
  7085 | D:7      | Reached skill level 12 in Spellcasting
  7162 | D:7      | Found an opulent altar of Gozag.
  7202 | D:7      | Found a flagged portal.
  7211 | Bailey   | Entered a bailey
  7230 | Bailey   | HP: 2/45 [orc warrior/bolt (10)]
  7306 | Bailey   | Offered knowledge of Mephitic Cloud by Vehumet.
  8138 | Bailey   | Acquired the +1 pair of boots of the Game of Kings {Int+5}
  8150 | Bailey   | Noticed an orc knight
  8153 | Bailey   | Reached *** piety under Vehumet
  8154 | Bailey   | Reached skill level 13 in Spellcasting
  8156 | Bailey   | Killed an orc knight
  8320 | D:7      | Reached XP level 10. HP: 22/50 MP: 29/29
  9182 | D:7      | Acquired 524 gold pieces
  9558 | D:1      | Bought a book of Spectacle for 448 gold pieces
  9565 | D:1      | Learned a level 6 spell: Starburst
  9700 | D:8      | Found Guaf's Antique Weapon Emporium.
  9788 | D:8      | Found an ancient bone altar of Kikubaaqudgha.
  9893 | D:8      | Offered knowledge of Sticky Flame by Vehumet.
  9898 | D:8      | Reached skill level 1 in Fire Magic
  9926 | D:8      | Reached skill level 1 in Fighting
 10090 | D:8      | Identified the +8 dagger of Ottatamu {heavy, MP+9}
 10477 | D:8      | Found a staircase to the Lair.
 10485 | D:8      | Reached **** piety under Vehumet
 10499 | D:8      | Reached skill level 14 in Spellcasting
 11003 | D:9      | Killed by an exploding centaur zombie... ignited by their
                  | inner flame

Skill      XL: |  1  2  3  4  5  6  7  8  9 10 |
---------------+-------------------------------+-----
Spellcasting   | 4 5 6 7 9 11 13 14 | 14.1
Conjurations   | 5 6 7 8 10 12 | 12.4
Fire Magic     | 2 |  2.6
Fighting       | 1 |  1.8
Dodging        | |  2.4
Stealth        | |  2.4

Action                     |  1- 3 |  4- 6 |  7- 9 | 10-12 || total
---------------------------+-------+-------+-------+-------++-------
  Melee: Unarmed           |     5 |       |       |       ||     5
         Mace              |     6 |       |       |       ||     6
         Dagger            |       |       |       |     9 ||     9
         Punch             |       |       |       |     1 ||     1
   Cast: Magic Dart        |    62 |   140 |   156 |    35 ||   393
         Searing Ray       |    11 |     8 |    38 |    12 ||    69
         Fulminant Prism   |       |       |    34 |    16 ||    50
         Starburst         |       |       |       |     9 ||     9
    Use: Scroll            |     1 |     8 |     6 |     4 ||    19
         Potion            |       |       |     5 |       ||     5
 Armour: Robe              |    15 |     9 |    32 |       ||    56
         Steam dragon scal |       |       |       |    35 ||    35
  Dodge: Dodged            |    39 |    20 |    85 |    46 ||   190

Levels and vault maps discovered:
D:1:      lightli_arrival_statuegarden, layout_basic, serial_shops,
          nicolae_shop_stone
D:2:      layout_basic, dreamdust_ecumenical_altar_drowned_temple, uniq_jessica,
          uniq_robin
D:3:      layout_basic, minmay_misc_feat_columns
D:4:      layout_basic, mainiacjoe_overflow_catwalk, minmay_temple_entry_glass,
          st_stairs_1
D:5:      layout_loops_ring, serial_shops, shop, nicolae_half_adder,
          uniq_blork_the_orc, uniq_menkaure
D:6:      layout_rooms, nicolae_tso_swordbearing_angel, amcnicky_altar_gilded
D:7:      wad_pebble_path, layout_cave_pods, nicolae_gozag_seed_capital,
          enter_bailey_5
D:8:      layout_loops_cross, mainiacjoe_overflow_paths, david_lair_shrubbed,
          serial_shops, shop, minmay_puff
D:9:      kennysheep_big_flooded_room, layout_irregular_city, serial_undead,
          serial_undead_b, serial_undead_d, serial_undead_c, serial_undead_e,
          serial_undead_f, serial_undead_f, serial_undead_d, serial_undead_c
Temple:   bh_familiar_temple
